Rampage vs Bruins

Created - Friday, November 28, 2014 at 23:53

Goals
1 2 3 T
Rampage 0 0 1 1
Bruins 1 1 2 4
Shots
1 2 3 T
Rampage 6 3 11 20
Bruins 4 10 11 25

1st period

1. Bruins , Patrick Bordeleau 9 (Kael Mouillierat) at 6:41 (PP)

Penalties :
Matt D'Agostini (SAN) for Hooking (Minor) at 6:39, Charles-Olivier Roussel (SAN) for High sticking (Minor) at 7:26, Derek Dorsett (Pro) for Cross-checking (Minor) at 17:09

2nd period

2. Bruins , Anton Lander 4 (Derek Dorsett, Brandon Manning) at 0:18

Penalties :
Will O'Neill (SAN) for Hooking (Minor) at 12:55

3rd period

3. Bruins , Tim Sestito 6 (Raman Hrabarenka, Patrick Cehlin) at 1:36
4. Bruins , Buddy Robinson 1 (Tim Sestito, Magnus Nygren) at 11:15
5. Rampage , Matt D'Agostini 8 (Andrei Loktionov, Charles-Olivier Roussel) at 13:48

Penalties :
Dmitry Korobov (Pro) for Fighting (Major) at 1:39, Charles-Olivier Roussel (SAN) for Fighting (Major) at 1:39, Eric Boulton (SAN) for Hooking (Minor) at 3:54

Goalie Stats

Mike Murphy (SAN), 21 saves from 25 shots - (0.840), L, 1-7-1, 60:00 minutes
Philipp Grubauer (Pro), 19 saves from 20 shots - (0.950), W, 13-1-2, 60:00 minutes

Players Stats for Rampage

Player Name              G  A  P  +/- PIM S  H  SB GA TA FO     MP     PP MP  PK MP  
------------------------------------------------------------------------------------
Adam Almquist            0  0  0  -2  0   0  0  2  0  0  0/0    27:07   0:52   4:02 
Andrei Loktionov         0  1  1   0  0   1  0  0  5  1  11/15  20:54   0:46   0:00 
Andrey Pedan             0  0  0   0  0   1  1  3  0  0  0/0    23:44   0:00   2:59 
Calle Jarnkrok           0  0  0  -2  0   3  2  1  1  1  5/10   17:13   0:00   0:00 
Charles-Olivier Roussel  0  1  1   0  7   1  0  0  0  0  0/0    24:22   1:07   0:00 
Eric Boulton             0  0  0   1  2   0  1  0  1  0  2/3    17:10   0:48   2:13 
Jesper Fast              0  0  0  -2  0   0  2  1  2  0  0/1    21:14   0:23   0:36 
Johan Sundstrom          0  0  0   0  0   0  0  0  0  0  0/0     0:00   0:00   0:00 
John Persson             0  0  0   0  0   2  0  0  1  0  1/2    17:41   1:13   3:36 
Keith Aulie              0  0  0  -2  0   1  3  3  0  0  0/0    25:44   0:35   3:57 
Martin Frk               0  0  0  -2  0   1  4  0  1  0  1/1    17:44   0:25   0:00 
Matt D'Agostini          1  0  1   0  2   3  2  0  2  0  0/2    18:47   0:47   2:00 
Matt Puempel             0  0  0  -1  0   4  0  0  2  1  1/2    22:39   0:47   1:56 
Mikael Samuelsson        0  0  0   0  0   1  1  0  1  1  2/3    14:35   0:48   0:00 
Nick Tuzzolino           0  0  0   0  0   0  1  0  0  0  0/0     4:53   1:07   0:00 
Ryan Potulny             0  0  0   0  0   1  0  0  0  0  0/1     3:50   0:00   0:39 
Tim Miller               0  0  0   0  0   0  0  0  0  0  0/0     1:58   0:00   0:58 
Will O'Neill             0  0  0   0  2   1  0  0  0  0  0/0    14:21   0:17   1:00 

Players Stats for Bruins

Player Name              G  A  P  +/- PIM S  H  SB GA TA FO     MP     PP MP  PK MP  
------------------------------------------------------------------------------------
Anton Lander             1  0  1   1  0   9  4  0  4  2  1/2    21:42   3:10   0:39 
Brandon Alderson         0  0  0   0  0   0  0  0  0  0  0/0    13:14   0:23   0:00 
Brandon Manning          0  1  1   1  0   1  0  1  0  1  0/0    26:32   2:56   0:44 
Buddy Robinson           1  0  1   2  0   1  4  1  1  1  0/0    15:34   0:00   0:19 
Conor Allen              0  0  0   1  0   0  1  1  0  0  0/0    23:11   3:48   1:15 
Derek Dorsett            0  1  1   1  2   1  7  0  3  0  0/2    13:24   3:36   0:00 
Dmitry Korobov           0  0  0   0  5   0  0  0  0  0  0/0    23:04   2:03   0:44 
Jake Newton              0  0  0   1  0   0  1  2  0  1  0/0    13:22   0:00   0:00 
Jim Slater               0  0  0   0  0   0  1  1  0  0  1/1     2:34   0:00   0:29 
Kael Mouillierat         0  1  1  -1  0   3  0  0  3  1  6/13   20:37   2:23   1:11 
Magnus Nygren            0  1  1   0  0   1  2  0  0  0  0/0    11:29   0:08   0:00 
Marc Hagel               0  0  0   0  0   0  0  0  0  0  0/0     0:00   0:00   0:00 
Patrick Bordeleau        1  0  1  -1  0   2  3  0  2  0  0/0    19:26   2:24   0:32 
Patrick Cehlin           0  1  1   2  0   3  1  0  0  0  0/0    14:31   0:02   0:00 
Raman Hrabarenka         0  1  1   1  0   1  1  0  0  0  0/0    22:21   3:03   1:15 
Scott Timmins            0  0  0   0  0   2  0  0  1  0  4/9    15:30   0:49   0:00 
Simon Moser              0  0  0  -1  0   0  1  1  0  0  0/0    20:32   2:00   0:48 
Tim Sestito              1  1  2   3  0   1  1  0  0  0  5/13   20:56   3:10   0:00 

3 Stars

1 - Tim Sestito (Pro)
2 - Buddy Robinson (Pro)
3 - Anton Lander (Pro)

Power Play

Rampage - 0 on 1 Attempt(s) - 0.00%
Bruins - 1 on 4 Attempt(s) - 25.00%

Penalty Kill

Rampage - 3 on 4 Attempt(s) - 75.00% - Score 0 goal in Penalty Kill
Bruins - 1 on 1 Attempt(s) - 100.00% - Score 0 goal in Penalty Kill

Official

Referees : Unknown
Linesman : Unknown

Game Notes

Dmitry Korobov beats up Charles-Olivier Roussel at 1:39 of 3rd period

Finance

Level 1 -- Attendance: 1399 (69.95%) -- Ticket Income $48,965
Level 2 -- Attendance: 808 (80.80%) -- Ticket Income $12,120
Total Attendance: 2207 (73.57%)
Total Ticket Income: $61,085
Other Income: $29,932
Total Income: $91,017

Rampage

5 vs 5 Forward 
   Center                   Left Wing                Right Wing               Time % Phy DF OF 
 1 Andrei Loktionov         Matt Puempel             Matt D'Agostini          35     1   2  2  
 2 Calle Jarnkrok           Jesper Fast              Martin Frk               30     1   2  2  
 3 Andrei Loktionov         Eric Boulton             Jesper Fast              22     1   2  2  
 4 Mikael Samuelsson        John Persson             Matt Puempel             13     1   2  2  

5 vs 5 Defense 
   Defense                  Defense                                           Time % Phy DF OF 
 1 Keith Aulie              Adam Almquist                                     35     1   2  2  
 2 Charles-Olivier Roussel  Andrey Pedan                                      30     1   2  2  
 3 Keith Aulie              Adam Almquist                                     22     1   2  2  
 4 Charles-Olivier Roussel  Adam Almquist                                     13     1   2  2  

PowerPlay Forward 
   Center                   Left Wing                Right Wing               Time % Phy DF OF 
 1 Andrei Loktionov         Matt Puempel             Eric Boulton             60     1   2  2  
 2 John Persson             Jesper Fast              Martin Frk               40     1   2  2  

PowerPlay Defense
   Defense                  Defense                                           Time % Phy DF OF 
 1 Keith Aulie              Adam Almquist                                     60     1   2  2  
 2 Charles-Olivier Roussel  Nick Tuzzolino                                    40     1   2  2  

Penalty Kill 4 Players Forward 
   Center                   Wing                     Time % Phy DF OF 
 1 Eric Boulton             John Persson             60     1   2  2  
 2 Matt Puempel             Jesper Fast              40     1   2  2  

Penalty Kill 4 Players Defense
   Defense                  Defense                  Time % Phy DF OF 
 1 Keith Aulie              Adam Almquist            60     1   2  2  
 2 Charles-Olivier Roussel  Andrey Pedan             40     1   2  2  

Penalty Kill - 3 Players Forward 
   Forward                                           Time % Phy DF OF 
 1 Jesper Fast                                       60     1   2  2  
 2 Matt Puempel                                      40     1   2  2  

Penalty Kill - 3 Players Defense
   Defense                  Defense                  Time % Phy DF OF 
 1 Keith Aulie              Adam Almquist            60     1   2  2  
 2 Charles-Olivier Roussel  Andrey Pedan             40     1   2  2  

4 vs 4 Forward 
   Center                   Wing                     Time % Phy DF OF 
 1 John Persson             Eric Boulton             60     1   2  2  
 2 Matt Puempel             Jesper Fast              40     1   2  2  

4 vs 4 Defense
   Defense                  Defense                  Time % Phy DF OF 
 1 Andrey Pedan             Adam Almquist            60     1   2  2  
 2 Charles-Olivier Roussel  Keith Aulie              40     1   2  2  

Last Minutes Offensive
   Center                   Left Wing                Right Wing               Defense                  Defense                  
   Andrei Loktionov         Matt Puempel             Matt D'Agostini          Keith Aulie              Adam Almquist            

Last Minutes Defensive
   Center                   Left Wing                Right Wing               Defense                  Defense                  
   Andrei Loktionov         Matt Puempel             Matt D'Agostini          Keith Aulie              Adam Almquist            

Goaltenders
Starting : Mike Murphy              
Backup : Matt Hackett             

Extra Forwards
Normal : Eric Boulton, John Persson, Matt Puempel - PP : Eric Boulton, John Persson - PK : Matt Puempel
Extra Defensemen
Normal : Charles-Olivier Roussel, Keith Aulie, Adam Almquist - PP : Adam Almquist - PK : Keith Aulie, Adam Almquist
Penalty Shots
John Persson, Andrei Loktionov, Matt Puempel, Jesper Fast, Eric Boulton

Bruins

5 vs 5 Forward 
   Center                   Left Wing                Right Wing               Time % Phy DF OF 
 1 Tim Sestito              Anton Lander             Derek Dorsett            35     1   2  2  
 2 Kael Mouillierat         Patrick Bordeleau        Simon Moser              30     1   2  2  
 3 Tim Sestito              Patrick Cehlin           Buddy Robinson           22     1   2  2  
 4 Scott Timmins            Anton Lander             Brandon Alderson         13     1   2  2  

5 vs 5 Defense 
   Defense                  Defense                                           Time % Phy DF OF 
 1 Brandon Manning          Dmitry Korobov                                    35     1   2  2  
 2 Conor Allen              Raman Hrabarenka                                  30     1   2  2  
 3 Brandon Manning          Jake Newton                                       22     1   2  2  
 4 Magnus Nygren            Dmitry Korobov                                    13     1   2  2  

PowerPlay Forward 
   Center                   Left Wing                Right Wing               Time % Phy DF OF 
 1 Tim Sestito              Anton Lander             Derek Dorsett            60     1   2  2  
 2 Kael Mouillierat         Patrick Bordeleau        Simon Moser              40     1   2  2  

PowerPlay Defense
   Defense                  Defense                                           Time % Phy DF OF 
 1 Brandon Manning          Dmitry Korobov                                    60     1   2  2  
 2 Conor Allen              Raman Hrabarenka                                  40     1   2  2  

Penalty Kill 4 Players Forward 
   Center                   Wing                     Time % Phy DF OF 
 1 Kael Mouillierat         Anton Lander             60     1   2  2  
 2 Derek Dorsett            Patrick Bordeleau        40     1   2  2  

Penalty Kill 4 Players Defense
   Defense                  Defense                  Time % Phy DF OF 
 1 Brandon Manning          Dmitry Korobov           60     1   2  2  
 2 Conor Allen              Raman Hrabarenka         40     1   2  2  

Penalty Kill - 3 Players Forward 
   Forward                                           Time % Phy DF OF 
 1 Derek Dorsett                                     60     1   2  2  
 2 Anton Lander                                      40     1   2  2  

Penalty Kill - 3 Players Defense
   Defense                  Defense                  Time % Phy DF OF 
 1 Jake Newton              Dmitry Korobov           60     1   2  2  
 2 Conor Allen              Raman Hrabarenka         40     1   2  2  

4 vs 4 Forward 
   Center                   Wing                     Time % Phy DF OF 
 1 Tim Sestito              Anton Lander             60     1   2  2  
 2 Derek Dorsett            Patrick Bordeleau        40     1   2  2  

4 vs 4 Defense
   Defense                  Defense                  Time % Phy DF OF 
 1 Magnus Nygren            Dmitry Korobov           60     1   2  2  
 2 Conor Allen              Raman Hrabarenka         40     1   2  2  

Last Minutes Offensive
   Center                   Left Wing                Right Wing               Defense                  Defense                  
   Patrick Bordeleau        Anton Lander             Derek Dorsett            Conor Allen              Dmitry Korobov           

Last Minutes Defensive
   Center                   Left Wing                Right Wing               Defense                  Defense                  
   Patrick Bordeleau        Anton Lander             Derek Dorsett            Conor Allen              Dmitry Korobov           

Goaltenders
Starting : Philipp Grubauer         
Backup : Carsen Chubak            

Extra Forwards
Normal : Tim Sestito, Scott Timmins, Buddy Robinson - PP : Tim Sestito, Scott Timmins - PK : Buddy Robinson
Extra Defensemen
Normal : Brandon Manning, Jake Newton, Magnus Nygren - PP : Brandon Manning - PK : Jake Newton, Magnus Nygren
Penalty Shots
Buddy Robinson, Anton Lander, Derek Dorsett, Patrick Bordeleau, Kael Mouillierat

% Time on Ice - Rampage

Lines # - Real PCT - Wanted PCT - Time Play
Normal Forward
1 - 25% - 35% - 12:47
2 - 34% - 30% - 17:46
3 - 17% - 22% - 8:37
4 - 25% - 13% - 12:52
Normal Defense
1 - 30% - 35% - 15:43
2 - 40% - 30% - 21:04
3 - 16% - 22% - 8:08
4 - 14% - 13% - 7:07
PP Forward
1 - 39% - 60% - 0:46
2 - 61% - 40% - 1:13
PP Defense
1 - 44% - 60% - 0:52
2 - 56% - 40% - 1:07
PK Forward
1 - 90% - 60% - 5:23
2 - 10% - 40% - 0:36
PK Defense
1 - 50% - 60% - 3:00
2 - 50% - 40% - 2:59
PK3 Forward
1 - 0% - 60%
2 - 0% - 40%
PK3 Defense
1 - 0% - 60%
2 - 0% - 40%
44 Forward
1 - 0% - 60%
2 - 0% - 40%
44 Defense
1 - 0% - 60%
2 - 0% - 40%
Last Minute Offensive  - 0:00
Last Minute Defensive  - 0:00
Total
Forward - 60:00
Defense - 60:00

% Time on Ice - Bruins

Lines # - Real PCT - Wanted PCT - Time Play
Normal Forward
1 - 19% - 35% - 9:49
2 - 33% - 30% - 17:03
3 - 25% - 22% - 13:16
4 - 23% - 13% - 11:54
Normal Defense
1 - 24% - 35% - 12:21
2 - 35% - 30% - 18:03
3 - 20% - 22% - 10:31
4 - 21% - 13% - 11:07
PP Forward
1 - 60% - 60% - 3:36
2 - 40% - 40% - 2:23
PP Defense
1 - 49% - 60% - 2:56
2 - 51% - 40% - 3:03
PK Forward
1 - 100% - 60% - 1:59
2 - 0% - 40% - 0:00
PK Defense
1 - 37% - 60% - 0:44
2 - 63% - 40% - 1:15
PK3 Forward
1 - 0% - 60%
2 - 0% - 40%
PK3 Defense
1 - 0% - 60%
2 - 0% - 40%
44 Forward
1 - 0% - 60%
2 - 0% - 40%
44 Defense
1 - 0% - 60%
2 - 0% - 40%
Last Minute Offensive  - 0:00
Last Minute Defensive  - 0:00
Total
Forward - 60:00
Defense - 60:00

Play by Play

1st period


0:01 of 1st period - Anton Lander wins face-off versus Andrei Loktionov in neutral zone.
0:04 of 1st period - Matt Puempel is hit by Derek Dorsett and loses puck.
0:55 of 1st period - Kael Mouillierat is hit by Martin Frk and loses puck.
1:18 of 1st period - Off-side.
1:19 of 1st period - Mikael Samuelsson wins face-off versus Tim Sestito in neutral zone.
1:58 of 1st period - Mikael Samuelsson is hit by Anton Lander and loses puck.
2:08 of 1st period - Slapshot by Raman Hrabarenka.
2:08 of 1st period - Shot Misses the Net.
2:10 of 1st period - Wrist shot by Anton Lander.
2:10 of 1st period - Stopped by Mike Murphy with a rebound.
2:24 of 1st period - Slapshot by Anton Lander.
2:24 of 1st period - Shot Misses the Net.
2:26 of 1st period - Snap shot by Anton Lander.
2:26 of 1st period - Stopped by Mike Murphy with a rebound.
3:28 of 1st period - Buddy Robinson is hit by Jesper Fast and loses puck.
4:13 of 1st period - Charles-Olivier Roussel is hit by Conor Allen and loses puck.
4:38 of 1st period - Jesper Fast is hit by Derek Dorsett and loses puck.
5:00 of 1st period - Wrist shot by Patrick Cehlin.
5:00 of 1st period - Shot Blocked by Adam Almquist.
5:02 of 1st period - Snap shot by Scott Timmins.
5:02 of 1st period - Shot Blocked by Calle Jarnkrok.
5:08 of 1st period - Snap shot by Patrick Cehlin.
5:08 of 1st period - Stopped by Mike Murphy with a rebound.
5:16 of 1st period - Magnus Nygren is hit by Calle Jarnkrok and loses puck.
5:58 of 1st period - Slapshot by Andrei Loktionov.
5:58 of 1st period - Shot Misses the Net.
6:26 of 1st period - Will O'Neill is hit by Derek Dorsett and loses puck.
6:33 of 1st period - Backhand shot by Anton Lander.
6:33 of 1st period - Shot Hit the Post.
6:39 of 1st period - Minor Penalty to Matt D'Agostini for Hooking.
6:40 of 1st period - Kael Mouillierat wins face-off versus Eric Boulton in Rampage zone.
6:41 of 1st period - Snap shot by Patrick Bordeleau.
6:41 of 1st period - Goal by Patrick Bordeleau - Rampage : 0 - Bruins : 1.
6:42 of 1st period - Calle Jarnkrok wins face-off versus Kael Mouillierat in neutral zone.
6:45 of 1st period - Slapshot by Jesper Fast.
6:45 of 1st period - Shot Misses the Net.
7:26 of 1st period - Minor Penalty to Charles-Olivier Roussel for High sticking.
7:27 of 1st period - Eric Boulton wins face-off versus Tim Sestito in Rampage zone.
7:27 of 1st period - Eric Boulton is hit by Derek Dorsett.
8:21 of 1st period - Raman Hrabarenka is hit by Eric Boulton and loses puck.
8:32 of 1st period - Snap shot by John Persson.
8:32 of 1st period - Shot Blocked by Simon Moser.
8:34 of 1st period - Slapshot by Will O'Neill.
8:34 of 1st period - Shot Misses the Net.
9:26 of 1st period - Penalty to Charles-Olivier Roussel is over, Charles-Olivier Roussel is back on ice.
9:49 of 1st period - Slapshot by Anton Lander.
9:49 of 1st period - Shot Misses the Net.
10:35 of 1st period - Jake Newton is hit by Martin Frk and loses puck.
11:00 of 1st period - John Persson is hit by Magnus Nygren.
11:31 of 1st period - Brandon Manning is hit by Martin Frk and loses puck.
11:42 of 1st period - Snap shot by Mikael Samuelsson.
11:42 of 1st period - Shot Misses the Net.
11:44 of 1st period - Snap shot by Mikael Samuelsson.
11:44 of 1st period - Shot Hit the Post.
11:46 of 1st period - Snap shot by Charles-Olivier Roussel.
11:46 of 1st period - Shot Blocked by Jake Newton.
11:48 of 1st period - Wrist shot by Mikael Samuelsson.
11:48 of 1st period - Shot Blocked by Jake Newton.
11:50 of 1st period - Wrist shot by Matt Puempel.
11:50 of 1st period - Stopped by Philipp Grubauer with a rebound.
11:52 of 1st period - Slapshot by Charles-Olivier Roussel.
11:52 of 1st period - Stopped by Philipp Grubauer with a rebound.
11:54 of 1st period - Snap shot by Matt Puempel.
11:54 of 1st period - Stopped by Philipp Grubauer without a rebound.
11:55 of 1st period - Andrei Loktionov wins face-off versus Kael Mouillierat in Bruins zone.
12:11 of 1st period - Slapshot by Matt D'Agostini.
12:11 of 1st period - Shot Misses the Net.
12:13 of 1st period - Snap shot by Will O'Neill.
12:13 of 1st period - Stopped by Philipp Grubauer with a rebound.
12:15 of 1st period - Slapshot by Martin Frk.
12:15 of 1st period - Shot Misses the Net.
12:17 of 1st period - Snap shot by Matt D'Agostini.
12:17 of 1st period - Shot Misses the Net.
13:26 of 1st period - Jesper Fast is hit by Patrick Cehlin and loses puck.
14:00 of 1st period - Snap shot by Matt Puempel.
14:00 of 1st period - Shot Misses the Net.
14:02 of 1st period - Wrist shot by John Persson.
14:02 of 1st period - Stopped by Philipp Grubauer without a rebound.
14:03 of 1st period - Mikael Samuelsson wins face-off versus Scott Timmins in Bruins zone.
14:45 of 1st period - Slapshot by Patrick Cehlin.
14:45 of 1st period - Shot Misses the Net.
14:47 of 1st period - Slapshot by Jim Slater.
14:47 of 1st period - Shot Hit the Post.
17:09 of 1st period - Minor Penalty to Derek Dorsett for Cross-checking.
17:10 of 1st period - Andrei Loktionov wins face-off versus Kael Mouillierat in Bruins zone.
17:47 of 1st period - Snap shot by Matt D'Agostini.
17:47 of 1st period - Deflect By Kael Mouillierat.
17:47 of 1st period - Stopped by Philipp Grubauer with a rebound.
18:29 of 1st period - Will O'Neill is hit by Patrick Bordeleau and loses puck.
19:09 of 1st period - Penalty to Derek Dorsett is over, Derek Dorsett is back on ice.
19:24 of 1st period - Tim Miller is hit by Tim Sestito and loses puck.
19:49 of 1st period - Tim Miller is hit by Jake Newton and loses puck.
Goals for this period are 0 for Rampage vs 1 for Bruins.
Shots for this period are 6 for Rampage vs 4 for Bruins.

2nd period


0:01 of 2nd period - Andrei Loktionov wins face-off versus Tim Sestito in neutral zone.
0:18 of 2nd period - Wrist shot by Anton Lander.
0:18 of 2nd period - Goal by Anton Lander - Rampage : 0 - Bruins : 2.
0:19 of 2nd period - Tim Sestito wins face-off versus Andrei Loktionov in neutral zone.
0:24 of 2nd period - Wrist shot by Anton Lander.
0:24 of 2nd period - Stopped by Mike Murphy with a rebound.
0:26 of 2nd period - Wrist shot by Anton Lander.
0:26 of 2nd period - Shot Misses the Net.
0:28 of 2nd period - Snap shot by Anton Lander.
0:28 of 2nd period - Stopped by Mike Murphy with a rebound.
0:30 of 2nd period - Wrist shot by Derek Dorsett.
0:30 of 2nd period - Shot Misses the Net.
0:32 of 2nd period - Slapshot by Brandon Manning.
0:32 of 2nd period - Stopped by Mike Murphy with a rebound.
0:34 of 2nd period - Snap shot by Anton Lander.
0:34 of 2nd period - Deflect By Derek Dorsett.
0:34 of 2nd period - Shot Misses the Net.
0:34 of 2nd period - Puck is out of play.
0:35 of 2nd period - Andrei Loktionov wins face-off versus Tim Sestito in Rampage zone.
0:53 of 2nd period - Snap shot by Anton Lander.
0:53 of 2nd period - Deflect By Andrei Loktionov.
0:53 of 2nd period - Shot Misses the Net.
0:53 of 2nd period - Puck is out of play.
0:54 of 2nd period - Kael Mouillierat wins face-off versus Mikael Samuelsson in Rampage zone.
1:05 of 2nd period - Slapshot by Patrick Bordeleau.
1:05 of 2nd period - Shot Misses the Net.
1:09 of 2nd period - Wrist shot by Kael Mouillierat.
1:09 of 2nd period - Shot Misses the Net.
1:13 of 2nd period - Snap shot by Kael Mouillierat.
1:13 of 2nd period - Shot Blocked by Andrey Pedan.
1:15 of 2nd period - Wrist shot by Simon Moser.
1:15 of 2nd period - Shot Misses the Net.
2:27 of 2nd period - Icing by Martin Frk.
2:28 of 2nd period - Scott Timmins wins face-off versus Calle Jarnkrok in Rampage zone.
3:17 of 2nd period - Simon Moser is hit by Matt D'Agostini and loses puck.
4:05 of 2nd period - Martin Frk is hit by Buddy Robinson and loses puck.
4:14 of 2nd period - Martin Frk is hit by Buddy Robinson and loses puck.
4:47 of 2nd period - Matt D'Agostini is hit by Magnus Nygren and loses puck.
5:10 of 2nd period - Tim Sestito is hit by Mikael Samuelsson and loses puck.
5:20 of 2nd period - Icing by Adam Almquist.
5:21 of 2nd period - Tim Sestito wins face-off versus John Persson in Rampage zone.
6:06 of 2nd period - Matt Puempel is hit by Patrick Bordeleau and loses puck.
7:04 of 2nd period - Wrist shot by Andrei Loktionov.
7:04 of 2nd period - Shot Misses the Net.
8:54 of 2nd period - Derek Dorsett is hit by Martin Frk and loses puck.
9:19 of 2nd period - Snap shot by Mikael Samuelsson.
9:19 of 2nd period - Shot Misses the Net.
10:26 of 2nd period - Adam Almquist is hit by Buddy Robinson and loses puck.
10:52 of 2nd period - Adam Almquist is hit by Derek Dorsett and loses puck.
11:47 of 2nd period - Adam Almquist is hit by Jim Slater and loses puck.
12:06 of 2nd period - Snap shot by Ryan Potulny.
12:06 of 2nd period - Stopped by Philipp Grubauer with a rebound.
12:08 of 2nd period - Snap shot by Matt Puempel.
12:08 of 2nd period - Shot Misses the Net.
12:10 of 2nd period - Wrist shot by Charles-Olivier Roussel.
12:10 of 2nd period - Shot Blocked by Jim Slater.
12:12 of 2nd period - Slapshot by Keith Aulie.
12:12 of 2nd period - Deflect By Eric Boulton.
12:12 of 2nd period - Shot Blocked by Buddy Robinson.
12:12 of 2nd period - Puck is out of play.
12:13 of 2nd period - Tim Sestito wins face-off versus Ryan Potulny in Bruins zone.
12:55 of 2nd period - Minor Penalty to Will O'Neill for Hooking.
12:56 of 2nd period - Eric Boulton wins face-off versus Derek Dorsett in Rampage zone.
13:10 of 2nd period - Snap shot by Derek Dorsett.
13:10 of 2nd period - Deflect By Anton Lander.
13:10 of 2nd period - Stopped by Mike Murphy with a rebound.
13:12 of 2nd period - Slapshot by Tim Sestito.
13:12 of 2nd period - Shot Blocked by Keith Aulie.
13:14 of 2nd period - Wrist shot by Raman Hrabarenka.
13:14 of 2nd period - Shot Misses the Net.
13:28 of 2nd period - Kael Mouillierat is hit by Keith Aulie.
14:16 of 2nd period - Ryan Potulny is hit by Raman Hrabarenka and loses puck.
14:39 of 2nd period - Dmitry Korobov is hit by Keith Aulie and loses puck.
14:55 of 2nd period - Penalty to Will O'Neill is over, Will O'Neill is back on ice.
15:38 of 2nd period - Wrist shot by Jim Slater.
15:38 of 2nd period - Deflect By Patrick Cehlin.
15:38 of 2nd period - Shot Misses the Net.
15:38 of 2nd period - Puck is out of play.
15:39 of 2nd period - Jim Slater wins face-off versus Calle Jarnkrok in Rampage zone.
15:50 of 2nd period - Snap shot by Patrick Cehlin.
15:50 of 2nd period - Stopped by Mike Murphy with a rebound.
15:52 of 2nd period - Slapshot by Raman Hrabarenka.
15:52 of 2nd period - Deflect By Calle Jarnkrok.
15:52 of 2nd period - Stopped by Mike Murphy without a rebound.
15:53 of 2nd period - Scott Timmins wins face-off versus Matt Puempel in Rampage zone.
16:10 of 2nd period - Snap shot by Anton Lander.
16:10 of 2nd period - Stopped by Mike Murphy with a rebound.
16:12 of 2nd period - Snap shot by Scott Timmins.
16:12 of 2nd period - Shot Blocked by Andrey Pedan.
16:54 of 2nd period - Wrist shot by Scott Timmins.
16:54 of 2nd period - Stopped by Mike Murphy without a rebound.
16:55 of 2nd period - Scott Timmins wins face-off versus Andrei Loktionov in Rampage zone.
17:16 of 2nd period - Snap shot by Kael Mouillierat.
17:16 of 2nd period - Deflect By Patrick Bordeleau.
17:16 of 2nd period - Shot Blocked by Jesper Fast.
17:16 of 2nd period - Puck is out of play.
17:17 of 2nd period - Calle Jarnkrok wins face-off versus Kael Mouillierat in Rampage zone.
17:17 of 2nd period - Calle Jarnkrok is hit by Simon Moser.
18:52 of 2nd period - Wrist shot by Derek Dorsett.
18:52 of 2nd period - Stopped by Mike Murphy with a rebound.
19:26 of 2nd period - Kael Mouillierat is hit by Nick Tuzzolino and loses puck.
19:31 of 2nd period - Snap shot by Mikael Samuelsson.
19:31 of 2nd period - Shot Misses the Net.
19:33 of 2nd period - Wrist shot by Matt Puempel.
19:33 of 2nd period - Stopped by Philipp Grubauer with a rebound.
19:35 of 2nd period - Slapshot by Nick Tuzzolino.
19:35 of 2nd period - Shot Misses the Net.
19:37 of 2nd period - Wrist shot by John Persson.
19:37 of 2nd period - Stopped by Philipp Grubauer with a rebound.
19:39 of 2nd period - Slapshot by Keith Aulie.
19:39 of 2nd period - Shot Misses the Net.
19:57 of 2nd period - Wrist shot by Eric Boulton.
19:57 of 2nd period - Shot Misses the Net.
Goals for this period are 0 for Rampage vs 1 for Bruins.
Shots for this period are 3 for Rampage vs 10 for Bruins.

3rd period


0:01 of 3rd period - Andrei Loktionov wins face-off versus Derek Dorsett in neutral zone.
0:16 of 3rd period - Snap shot by Matt D'Agostini.
0:16 of 3rd period - Shot Misses the Net.
1:04 of 3rd period - Slapshot by Patrick Bordeleau.
1:04 of 3rd period - Shot Blocked by Keith Aulie.
1:06 of 3rd period - Wrist shot by Kael Mouillierat.
1:06 of 3rd period - Stopped by Mike Murphy without a rebound.
1:07 of 3rd period - Calle Jarnkrok wins face-off versus Tim Sestito in Rampage zone.
1:18 of 3rd period - Snap shot by Patrick Cehlin.
1:18 of 3rd period - Stopped by Mike Murphy with a rebound.
1:30 of 3rd period - Wrist shot by Tim Sestito.
1:30 of 3rd period - Shot Misses the Net.
1:32 of 3rd period - Wrist shot by Patrick Cehlin.
1:32 of 3rd period - Shot Misses the Net.
1:34 of 3rd period - Slapshot by Raman Hrabarenka.
1:34 of 3rd period - Shot Blocked by Andrey Pedan.
1:36 of 3rd period - Wrist shot by Tim Sestito.
1:36 of 3rd period - Goal by Tim Sestito - Rampage : 0 - Bruins : 3.
1:37 of 3rd period - Kael Mouillierat wins face-off versus Calle Jarnkrok in neutral zone.
1:39 of 3rd period - Dmitry Korobov beats up Charles-Olivier Roussel.
1:39 of 3rd period - Penalty to Dmitry Korobov for Fighting.
1:39 of 3rd period - Penalty to Charles-Olivier Roussel for Fighting.
1:40 of 3rd period - Andrei Loktionov wins face-off versus Tim Sestito in Rampage zone.
2:32 of 3rd period - Slapshot by Jesper Fast.
2:32 of 3rd period - Shot Misses the Net.
2:48 of 3rd period - Backhand shot by Jesper Fast.
2:48 of 3rd period - Shot Blocked by Brandon Manning.
3:41 of 3rd period - Off-side.
3:42 of 3rd period - Andrei Loktionov wins face-off versus Scott Timmins in neutral zone.
3:54 of 3rd period - Minor Penalty to Eric Boulton for Hooking.
3:55 of 3rd period - Matt Puempel wins face-off versus Tim Sestito in Rampage zone.
4:05 of 3rd period - Matt Puempel is hit by Anton Lander and loses puck.
4:24 of 3rd period - Keith Aulie is hit by Derek Dorsett.
5:15 of 3rd period - Snap shot by Derek Dorsett.
5:15 of 3rd period - Shot Blocked by Adam Almquist.
5:34 of 3rd period - Snap shot by Patrick Bordeleau.
5:34 of 3rd period - Stopped by Mike Murphy with a rebound.
5:54 of 3rd period - Penalty to Eric Boulton is over, Eric Boulton is back on ice.
6:34 of 3rd period - Snap shot by Jesper Fast.
6:34 of 3rd period - Deflect By Calle Jarnkrok.
6:34 of 3rd period - Shot Misses the Net.
6:34 of 3rd period - Puck is out of play.
6:35 of 3rd period - Calle Jarnkrok wins face-off versus Scott Timmins in Bruins zone.
6:52 of 3rd period - Slapshot by Jesper Fast.
6:52 of 3rd period - Shot Misses the Net.
6:54 of 3rd period - Slapshot by Calle Jarnkrok.
6:54 of 3rd period - Stopped by Philipp Grubauer with a rebound.
6:56 of 3rd period - Wrist shot by Jesper Fast.
6:56 of 3rd period - Shot Misses the Net.
6:58 of 3rd period - Slapshot by Charles-Olivier Roussel.
6:58 of 3rd period - Shot Misses the Net.
7:00 of 3rd period - Wrist shot by Jesper Fast.
7:00 of 3rd period - Shot Misses the Net.
7:02 of 3rd period - Wrist shot by Charles-Olivier Roussel.
7:02 of 3rd period - Deflect By Jesper Fast.
7:02 of 3rd period - Shot Misses the Net.
7:02 of 3rd period - Puck is out of play.
7:03 of 3rd period - Andrei Loktionov wins face-off versus Tim Sestito in Bruins zone.
8:11 of 3rd period - Jesper Fast is hit by Anton Lander.
8:34 of 3rd period - Tim Sestito is hit by Matt D'Agostini and loses puck.
9:10 of 3rd period - Icing by Andrei Loktionov.
9:11 of 3rd period - Andrei Loktionov wins face-off versus Scott Timmins in Rampage zone.
9:36 of 3rd period - Wrist shot by Martin Frk.
9:36 of 3rd period - Stopped by Philipp Grubauer without a rebound.
9:37 of 3rd period - Kael Mouillierat wins face-off versus Calle Jarnkrok in Bruins zone.
9:49 of 3rd period - Snap shot by Calle Jarnkrok.
9:49 of 3rd period - Stopped by Philipp Grubauer with a rebound.
10:14 of 3rd period - Slapshot by Matt Puempel.
10:14 of 3rd period - Shot Misses the Net.
10:16 of 3rd period - Wrist shot by Mikael Samuelsson.
10:16 of 3rd period - Stopped by Philipp Grubauer with a rebound.
10:18 of 3rd period - Snap shot by Andrey Pedan.
10:18 of 3rd period - Deflect By Anton Lander.
10:18 of 3rd period - Stopped by Philipp Grubauer with a rebound.
10:32 of 3rd period - Snap shot by Matt D'Agostini.
10:32 of 3rd period - Deflect By Andrei Loktionov.
10:32 of 3rd period - Shot Misses the Net.
10:32 of 3rd period - Puck is out of play.
10:33 of 3rd period - Kael Mouillierat wins face-off versus Matt D'Agostini in Bruins zone.
10:42 of 3rd period - Wrist shot by Kael Mouillierat.
10:42 of 3rd period - Stopped by Mike Murphy without a rebound.
10:43 of 3rd period - Kael Mouillierat wins face-off versus Calle Jarnkrok in Rampage zone.
10:50 of 3rd period - Wrist shot by Kael Mouillierat.
10:50 of 3rd period - Stopped by Mike Murphy with a rebound.
10:52 of 3rd period - Slapshot by Magnus Nygren.
10:52 of 3rd period - Shot Misses the Net.
11:02 of 3rd period - Magnus Nygren is hit by Keith Aulie and loses puck.
11:15 of 3rd period - Wrist shot by Buddy Robinson.
11:15 of 3rd period - Goal by Buddy Robinson - Rampage : 0 - Bruins : 4.
11:16 of 3rd period - Andrei Loktionov wins face-off versus Scott Timmins in neutral zone.
11:41 of 3rd period - Anton Lander is hit by Andrey Pedan and loses puck.
11:56 of 3rd period - Kael Mouillierat is hit by Jesper Fast and loses puck.
12:54 of 3rd period - Wrist shot by Andrei Loktionov.
12:54 of 3rd period - Stopped by Philipp Grubauer with a rebound.
12:56 of 3rd period - Wrist shot by Jesper Fast.
12:56 of 3rd period - Shot Blocked by Conor Allen.
13:48 of 3rd period - Wrist shot by Matt D'Agostini.
13:48 of 3rd period - Goal by Matt D'Agostini - Rampage : 1 - Bruins : 4.
13:49 of 3rd period - Calle Jarnkrok wins face-off versus Kael Mouillierat in neutral zone.
13:54 of 3rd period - Snap shot by Calle Jarnkrok.
13:54 of 3rd period - Stopped by Philipp Grubauer without a rebound.
13:55 of 3rd period - Martin Frk wins face-off versus Kael Mouillierat in Bruins zone.
14:10 of 3rd period - Snap shot by Jesper Fast.
14:10 of 3rd period - Shot Misses the Net.
14:12 of 3rd period - Slapshot by Andrey Pedan.
14:12 of 3rd period - Shot Misses the Net.
14:33 of 3rd period - Wrist shot by Matt Puempel.
14:33 of 3rd period - Shot Misses the Net.
14:35 of 3rd period - Snap shot by Matt Puempel.
14:35 of 3rd period - Stopped by Philipp Grubauer with a rebound.
14:37 of 3rd period - Snap shot by Keith Aulie.
14:37 of 3rd period - Stopped by Philipp Grubauer without a rebound.
14:38 of 3rd period - Andrei Loktionov wins face-off versus Anton Lander in Bruins zone.
15:14 of 3rd period - Raman Hrabarenka is hit by Calle Jarnkrok.
15:40 of 3rd period - Wrist shot by John Persson.
15:40 of 3rd period - Shot Misses the Net.
16:12 of 3rd period - Snap shot by Kael Mouillierat.
16:12 of 3rd period - Shot Blocked by Keith Aulie.
16:14 of 3rd period - Wrist shot by Simon Moser.
16:14 of 3rd period - Shot Misses the Net.
16:40 of 3rd period - Jesper Fast is hit by Derek Dorsett.
17:03 of 3rd period - Snap shot by Anton Lander.
17:03 of 3rd period - Stopped by Mike Murphy with a rebound.
17:05 of 3rd period - Wrist shot by Anton Lander.
17:05 of 3rd period - Deflect By Scott Timmins.
17:05 of 3rd period - Shot Misses the Net.
17:05 of 3rd period - Puck is out of play.
17:06 of 3rd period - Scott Timmins wins face-off versus Matt D'Agostini in Rampage zone.
17:11 of 3rd period - Snap shot by Anton Lander.
17:11 of 3rd period - Stopped by Mike Murphy without a rebound.
17:12 of 3rd period - John Persson wins face-off versus Kael Mouillierat in Rampage zone.
17:57 of 3rd period - Matt Puempel is hit by Buddy Robinson and loses puck.
18:16 of 3rd period - Calle Jarnkrok is hit by Anton Lander.
18:24 of 3rd period - Wrist shot by Scott Timmins.
18:24 of 3rd period - Shot Misses the Net.
18:26 of 3rd period - Slapshot by Magnus Nygren.
18:26 of 3rd period - Stopped by Mike Murphy with a rebound.
18:34 of 3rd period - Wrist shot by Scott Timmins.
18:34 of 3rd period - Stopped by Mike Murphy with a rebound.
18:50 of 3rd period - Eric Boulton is hit by Patrick Bordeleau and loses puck.
19:07 of 3rd period - Slapshot by Matt D'Agostini.
19:07 of 3rd period - Stopped by Philipp Grubauer without a rebound.
19:08 of 3rd period - Tim Sestito wins face-off versus Jesper Fast in Bruins zone.
19:22 of 3rd period - Icing by Jesper Fast.
19:23 of 3rd period - Tim Sestito wins face-off versus Andrei Loktionov in Rampage zone.
Goals for this period are 1 for Rampage vs 2 for Bruins.
Shots for this period are 11 for Rampage vs 11 for Bruins.


Output by the SimonT Hockey Simulator (STHS) for Eric Dolegowski -- Original Page W3C XHTML 1.0 Valid
Hockey Simulator - Hockey Simulation - Hockey Manager